Map: Year Zero LE

Players

Neeb

  • Race: Protoss Protoss
  • League: Master
  • Spawn Location: 1:00

Probe - Winner!

  • Race: Protoss Protoss
  • League: Master
  • Spawn Location: 11:00

Event: 2019 WCS Winter Americas

VOD

Have the link to the VOD?

Description

Time

  • Played on: March 24, 2019, 12:31 p.m.
  • Length: 9:41

All games in this series

Show
View Real Time Build Order
Export as new Build Order

Neeb Protoss 

Build Orders: Zealot Archon 

Get SALT Encoding   

  12  0:00  Probe  
  13  0:12  Probe  
  14  0:18  Pylon  
  14  0:24  Probe  
  15  0:32  Probe  
  15  0:39  Gateway  
  15  0:40  Probe  
  17  0:51  Probe  
  17  0:52  Assimilator  
  17  0:56  Assimilator  
  18  1:00  Probe  
  19  1:08  Probe  
  19  1:09  Gateway  
  20  1:18  Probe  
  21  1:26  Cybernetics Core  
  21  1:30  Probe  
  22  1:37  Pylon  
  22  1:42  Probe  
  23  1:54  Warp Gate  
  23  1:55  Probe  
  24  2:04  Stalker x2  
  28  2:13  Pylon  
  28  2:21  Probe  
  29  2:28  Pylon  
  29  2:34  Adept x2  
  33  2:55  Nexus  
  33  3:03  Probe  
  33  3:04  Sentry x2  
  38  3:10  Pylon  
  38  3:15  Probe  
  39  3:28  Probe, Forge  
  40  3:39  Probe  
  40  3:40  Shield Battery  
  41  3:42  Sentry  
  41  3:45  Stalker  
  41  3:47  Probe  
  46  3:55  Probe  
  47  4:05  Protoss Ground Weapons Level 1  
  47  4:06  Probe  
  48  4:10  Probe  
  48  4:12  Phoenix  
  48  4:15  Probe  
  45  4:17  Robotics Facility  
  45  4:18  Probe  
  45  4:23  Probe  
  47  4:27  Probe  
  47  4:30  Phoenix  
  49  4:32  Probe  
  49  4:35  Stalker  
  52  4:39  Probe  
  52  4:41  Assimilator  
  52  4:44  Assimilator  
  53  4:46  Probe  
  53  4:52  Probe  
  55  4:55  Pylon  
  55  4:57  Warp Prism  
  55  4:58  Probe  
  56  5:04  Probe  
  58  5:10  Probe  
  60  5:16  Gateway  
  60  5:17  Gateway  
  60  5:18  Twilight Council  
  60  5:23  Stalker x2  
  64  5:32  Probe  
  65  5:37  Immortal  
  65  5:41  Protoss Ground Weapons Level 2  
  69  5:46  Charge  
  69  5:51  Gateway  
  69  5:54  Gateway  
  69  5:56  Gateway  
  69  5:59  Gateway  
  69  6:06  Templar Archives  
  69  6:11  Pylon  
  69  6:23  Pylon  
  69  6:26  Pylon  
  69  6:27  Pylon  
  69  6:44  High Templar x2  
  69  6:45  High Templar x2  
  69  6:46  Nexus  
  77  6:49  Pylon  
  77  6:52  Archon  
  79  6:54  Archon  
  77  7:02  Pylon  
  77  7:03  Pylon  
  77  7:05  Immortal  
  77  7:13  High Templar x2  
  77  7:14  Zealot x2  
  83  7:24  Phoenix  
  83  7:25  Probe x2  
  83  7:27  Archon  
  85  7:34  Zealot x4  
  85  7:35  Zealot x2  
  97  7:41  Pylon  
  97  7:44  Colossus, Warp Prism  
  97  7:49  Shield Battery  
  99  7:52  High Templar x2  
  103  7:59  Archon  
  103  8:00  Zealot x4  
  111  8:08  Zealot  
  111  8:09  Zealot  
  112  8:19  Pylon x2  
  112  8:22  Pylon  
  112  8:24  Pylon  
  112  8:32  High Templar  
  112  8:33  Zealot x3, High Templar  
  122  8:37  Archon  
  122  8:41  High Templar x2  
  126  8:44  Zealot  
  126  8:45  Archon  
  128  8:55  Stalker x2  
  128  9:02  Zealot  
  129  9:12  Zealot  
  129  9:14  Zealot  
Show
View Real Time Build Order
Export as new Build Order

Probe Protoss - Winner!

Build Orders: Zealot Archon 

Get SALT Encoding   

  12  0:00  Probe  
  13  0:13  Probe  
  14  0:19  Pylon  
  14  0:25  Probe  
  15  0:33  Probe  
  15  0:39  Gateway  
  15  0:41  Probe  
  16  0:48  Assimilator  
  17  0:51  Probe  
  18  0:57  Assimilator  
  18  0:59  Probe  
  19  1:07  Probe  
  19  1:13  Gateway  
  19  1:18  Probe  
  21  1:27  Cybernetics Core  
  21  1:30  Probe  
  22  1:36  Pylon  
  22  1:42  Probe  
  23  1:54  Probe  
  24  2:04  Warp Gate, Adept x2  
  24  2:07  Pylon  
  28  2:09  Probe  
  29  2:21  Probe  
  30  2:36  Probe  
  35  2:41  Sentry x2  
  35  2:47  Nexus  
  35  2:53  Probe  
  36  3:04  Robotics Facility  
  36  3:06  Probe  
  36  3:10  Shield Battery  
  37  3:22  Probe  
  37  3:25  Forge  
  38  3:27  Pylon  
  38  3:34  Protoss Ground Weapons Level 1  
  38  3:35  Probe  
  39  3:41  Warp Prism  
  39  3:47  Probe  
  40  3:53  Sentry  
  44  3:59  Probe  
  45  4:07  Adept  
  44  4:11  Probe  
  44  4:15  Probe  
  44  4:22  Immortal  
  44  4:23  Probe  
  45  4:27  Probe  
  46  4:36  Probe  
  47  4:39  Probe  
  47  4:40  Twilight Council  
  48  4:48  Probe  
  48  4:51  Probe  
  50  5:00  Probe  
  50  5:02  Robotics Facility  
  50  5:03  Probe  
  50  5:04  Assimilator  
  50  5:06  Assimilator  
  52  5:07  Pylon  
  52  5:08  Protoss Ground Weapons Level 2  
  52  5:11  Probe  
  52  5:12  Probe  
  53  5:17  Charge  
  53  5:19  Probe, Templar Archives  
  54  5:22  Pylon  
  54  5:24  Probe  
  54  5:28  Pylon  
  56  5:30  Probe  
  57  5:36  Probe  
  58  5:44  Gateway  
  58  5:47  Gateway  
  58  5:50  Gateway  
  58  5:52  Gateway  
  58  5:56  Gateway  
  58  5:59  Gateway  
  58  6:01  High Templar  
  58  6:02  High Templar  
  62  6:05  Observer  
  62  6:07  Pylon  
  63  6:12  Archon  
  63  6:14  Probe  
  64  6:37  Stalker x2  
  64  6:39  High Templar  
  70  6:43  Protoss Ground Weapons Level 3  
  70  6:44  High Templar  
  70  6:48  Stalker x2  
  70  6:50  Archon  
  74  6:57  Zealot x2  
  74  6:59  Pylon  
  78  7:13  Zealot  
  78  7:14  Zealot x4  
  88  7:26  Nexus  
  88  7:35  Zealot, High Templar x2  
  88  7:36  Zealot x3  
  100  7:39  Pylon  
  100  7:40  Pylon, Archon  
  100  7:44  Pylon  
  100  8:11  Zealot x5  
  100  8:12  Zealot x3  
  114  8:33  Pylon  
  114  8:40  High Templar x4  
  114  8:41  Zealot x4  
  124  8:47  Archon x2  
  130  8:56  Pylon  
  130  9:05  High Templar x2  
  130  9:06  Zealot x2  
  138  9:12  Archon  
  138  9:17  Zealot x4  
  110  9:28  Zealot x2  
Tags
 
Add a new tag
Caveats
  • Supply blocks, unpowered buildings, or Contaminate may cause inaccurate times.
  • Supply counts are checked every 10 seconds.